 Seeded DCSS version 0.26.1-11-gd32895ea62 (webtiles) character file.

Game seed: 8086111930643226236 (custom seed)

79 Zeld the Chucker (level 4, -1/42 HPs)
             Began as a Troll Hunter on June 6, 2021.
             Slain by a gnoll
             ... wielding a +0 halberd
              (13 damage)
             ... on level 2 of the Dungeon.
             The game lasted 00:03:48 (2852 turns).

Zeld the Chucker (Troll Hunter)                     Turns: 2852, Time: 00:03:49

Health: -1/42      AC:  6    Str: 21    XL:     4   Next: 16%
Magic:  3/3        EV: 10    Int:  7    God:
Gold:   53         SH:  0    Dex: 10    Spells: 3/3 levels left

rFire    . . .     SeeInvis .   a - +0 short sword
rCold    . . .     Faith    .   (no shield)
rNeg     . . .     Spirit   .   b - +0 robe
rPois    .         Reflect  .   (helmet restricted)
rElec    .         Harm     .   (no cloak)
rCorr    .         Rampage  .   (gloves unavailable)
Will     .....                  (boots unavailable)
Stlth    +.........             (no amulet)
HPRegen  0.54/turn              (no ring)
MPRegen  0.08/turn              (no ring)

@: no status effects
A: large, unfitting armour, claws 3, regeneration 1, shaggy fur 1, tough skin 3
a: no special abilities


You were on level 2 of the Dungeon.
You visited 1 branch of the dungeon, and saw 2 of its levels.

You collected 53 gold pieces.

Inventory:

Hand Weapons
 a - a +0 short sword (weapon)
Missiles
 c - 5 large rocks (quivered)
 d - 2 throwing nets
Armour
 b - a +0 robe (worn)
Jewellery
 i - an uncursed ring of protection from cold {unknown}
Scrolls
 e - 3 scrolls of amnesia {unknown}
 f - 2 scrolls of remove curse {unknown}
 g - 5 scrolls of identify {unknown}
 h - 2 scrolls of teleportation {unknown}
Potions
 j - a potion of haste {unknown}
 k - a potion of brilliance {unknown}


   Skills:
 + Level 2.0 Fighting
 * Level 1.7 Short Blades
 * Level 4.2 Throwing
 + Level 2.0 Dodging
 - Level 0.3 Stealth


You had 3 spell levels left.
You didn't know any spells.
Your spell library was empty.

Dungeon Overview and Level Annotations

Branches:
Dungeon (2/15)

Altars:


Innate Abilities, Weirdness & Mutations

You are too large for most types of armour.
You have claws for hands.
Your natural rate of healing is unusually fast.
You are covered in fur. (AC +1)
You have extremely tough skin. (AC +3)


Message History

The gnoll misses you. The gnoll closely misses you.
You barely miss the gnoll.
The gnoll is almost dead.
The gnoll barely misses you. The gnoll hits you with a +0 spear.
You barely miss the gnoll.
The gnoll is almost dead.
The gnoll hits you with a +0 spear.
You puncture the gnoll!
You kill the gnoll!
The gnoll hits you from afar with a +0 halberd.
The gnoll misses you.
You closely miss the gnoll. The gnoll closely misses you.
You hit the gnoll but do no damage. The gnoll hits you but does no damage.
You closely miss the gnoll. The gnoll hits you with a +0 halberd!
* * * LOW HITPOINT WARNING * * *
You are too injured to fight recklessly!
You hit the gnoll.
The gnoll is moderately wounded.
The gnoll hits you with a +0 halberd!
You die...

.#.#.# #.?.... .#.#.# .
##..... #. ##
########.$.#.#.#
.#.##..#.#...#.).......
$...h##.....(...#.#.#.
.###.#..#......<..##
....#......g@....#
#......?...)....#
##g..$..#......##.
##.......#.........#
#...........$...#...
......#.#..........##
.##.###h#........###
#.##.g.<......## #
##.##.....#...##


You could see a gnoll.

Vanquished Creatures
  3 gnolls
  3 adders
  A dart slug (D:1)
  A giant cockroach (D:1)
  3 goblins (D:1)
  3 hobgoblins (D:1)
  2 jackals (D:1)
  4 kobolds
  A bat (D:1)
  3 rats (D:1)
24 creatures vanquished.

Notes
Turn   | Place    | Note
-------+----------+-------------------------------------------
     0 | D:1      | Zeld the Troll Hunter began the quest for the Orb.
     0 | D:1      | Reached XP level 1. HP: 19/19 MP: 0/0
   295 | D:1      | Reached XP level 2. HP: 28/28 MP: 1/1
   736 | D:2      | Reached skill level 1 in Short Blades
   760 | D:1      | Reached XP level 3. HP: 7/35 MP: 2/2
  1220 | D:1      | Reached skill level 4 in Throwing
  2022 | D:1      | You fall into a shaft and drop 1 floor!
  2558 | D:1      | Reached XP level 4. HP: 31/42 MP: 3/3
  2852 | D:2      | Slain by a gnoll

Illustrated notes

Levels and vault maps discovered:
D:1:      grunt_arrival_crossed_arrows, layout_loops_ring, hex_tiny
D:2:      layout_rooms, lemuel_coloured_pillars_altar, tso_altar, hex_medium,
          uniq_robin

Skill      XL: |  1  2  3 |
---------------+----------+-----
Short Blades   | 1 |  1.7
Throwing       | 4 |  4.2
Fighting       | 2 |  2.0
Dodging        | 2 |  2.0
Stealth        | |  0.3

Action                   |  1- 3 |  4- 6 || total
-------------------------+-------+-------++-------
Melee: Short sword       |   120 |    15 ||   135
Armor: Robe              |    70 |     6 ||    76
Dodge: Dodged            |   101 |    15 ||   116
